 Dungeon Crawl Stone Soup version 0.20.1-1-g8b1a95d66d (webtiles) character file.

38 NullDivider the Charlatan (level 3, 0/23 HPs)
             Began as an Octopode Artificer on Dec 4, 2017.
             Splashed by a jelly's acid (5 damage)
             ... on level 2 of the Dungeon.
             The game lasted 00:03:21 (1139 turns).

NullDivider the Charlatan (Octopode Artificer)      Turns: 1139, Time: 00:03:22

Health: 0/23       AC: -11   Str: 11    XL:     3   Next: 43%
Magic:  5/5        EV: 13    Int: 13    God:
Gold:   91         SH:  0    Dex: 13    Spells: 2/2 levels left

rFire    . . .     SeeInvis +   g - +0 dagger
rCold    . . .     Gourm    .   (no shield)
rNeg     . . .     Faith    .   (helmet restricted)
rPois    .         Spirit   .   (no amulet)
rElec    .         Reflect  .   e - ring of see invisible
rCorr    .         Harm     .   (no ring)
MR       .....                  (no ring)
Stlth    +++.......             (no ring)
Regen    0.1/turn               (no ring)
MPRegen  0.1/turn               (no ring)
                                (no ring)
                                (no ring)

@: corroded
A: almost no armour, stealthy swim, amphibious, 8 rings, constrict 8, camouflage
1, gelatinous body 1
a: no special abilities


You were on level 2 of the Dungeon.
You were hungry.

You visited 1 branch of the dungeon, and saw 2 of its levels.

You collected 91 gold pieces.

Inventory:

Hand Weapons
 g - a +0 dagger (weapon)
Jewellery
 e - a ring of see invisible (left tentacle)
Wands
 b - a wand of flame (15/48)
 c - a wand of enslavement (15/24)
 d - a wand of random effects (15/48)
Scrolls
 a - a scroll of identify {unknown}
 k - 2 scrolls of recharging {unknown}
 l - 2 scrolls of remove curse {unknown}
 m - a scroll of teleportation {unknown}
Potions
 h - a potion of agility {unknown}
 j - a potion of curing {unknown}
 n - a potion of heal wounds {unknown}
 p - a potion of lignification {unknown}
Comestibles
 f - a bread ration
 i - a meat ration


   Skills:
 + Level 1.6 Fighting
 + Level 1.2 Short Blades
 + Level 2.3 Dodging
 * Level 3.2 Stealth
 + Level 3.5 Evocations


You had 2 spell levels left.
You didn't know any spells.

Dungeon Overview and Level Annotations

Branches:
Dungeon (2/15)

Altars:


Innate Abilities, Weirdness & Mutations

You cannot wear most types of armour.
You are very stealthy in the water. (Stealth+)
You are amphibious.
You can wear up to eight rings at the same time.
You can use your tentacles to constrict eight enemies at once.
Your skin changes colour to match your surroundings (Stealth+).
Your rubbery body absorbs attacks. (AC +1, EV +1)


Message History

The helpless ooze fails to defend itself.
You puncture the ooze!
The ooze is almost dead.
The ooze hits you.
You hit the ooze.
You kill the ooze!
The jelly quivers.
There is an open door here.
Things that are here:
a short sword; 4 stones; a kobold corpse You hit the jelly but do no damage.
The acid corrodes you!
Your tentacles burn!
You squeeze the jelly!
The jelly is heavily wounded.
The jelly hits you.
You are splashed with acid!
The acid burns!
You hit the jelly but do no damage. The acid corrodes you!
Your tentacles burn!
The jelly is heavily wounded.
The ooze hits the fungus.
The jelly hits you.
* * * LOW HITPOINT WARNING * * *
The acid corrodes you!
You are splashed with acid!
The acid burns!
You die... ########## #...P...P$ #..÷P...PJ #÷PJ..PJPJ

#...PJP...
#.P÷.....J
#JP...P.PJ
##J#######
##@.....##
########.#
#....'..##
#....####
#.......#
#.......#
#.......#
#.......#
##.÷)(.##


You could see a jelly and an ooze.

Vanquished Creatures
  An adder (D:2)
  An ooze (D:2)
  A dart slug (D:2)
  A giant cockroach (D:1)
  A goblin (D:1)
  A hobgoblin (D:1)
  A bat (D:1)
  A frilled lizard (D:1)
  14 kobolds
  2 rats (D:1)
24 creatures vanquished.

Vanquished Creatures (others)
  4 toadstools (D:2)
4 creatures vanquished.

Grand Total: 28 creatures vanquished

Notes
Turn   | Place    | Note
-------+----------+-------------------------------------------
     0 | D:1      | NullDivider the Octopode Artificer began the quest for the Orb.
     0 | D:1      | Reached XP level 1. HP: 13/13 MP: 3/3
   215 | D:1      | Reached XP level 2. HP: 6/18 MP: 4/4
   715 | D:1      | You fall through a shaft!
   788 | D:2      | Reached XP level 3. HP: 23/23 MP: 5/5
  1139 | D:2      | Splashed by a jelly's acid

Skill      XL: |  1  2  3 |
---------------+----------+-----
Stealth        | 2 3 |  3.2
Fighting       | |  1.6
Short Blades   | |  1.2
Dodging        | |  2.3
Evocations     | |  3.5

Action                   || total
-------------------------++-------
Melee: Short sword       ||    26
       Constrict         ||    12
       Tentacles         ||     6
       Dagger            ||    30
 Stab: Sleeping          ||     3
Armor: Skin              ||     5
Dodge: Dodged            ||    35
